 Dungeon Crawl Stone Soup version 0.30-a0-852-g08b95dd62f (webtiles) character file.

Game seed: 16569373473364184847

69 BubbleThief the Poker (level 4, 30/34 HPs)
             Began as a Demonspawn Gladiator on Mar 4, 2023.
             Quit the game on level 2 of the Dungeon.
             The game lasted 00:02:03 (1054 turns).

BubbleThief the Poker (Demonspawn Gladiator)        Turns: 1054, Time: 00:02:04

Health: 30/34      AC:  5    Str: 16    XL:     4   Next: 2%
Magic:  4/4        EV: 12    Int: 10    God:
Gold:   141        SH:  0    Dex: 14    Spells: 3/3 levels left

rFire   . . .      SeeInvis .    a - +0 trident
rCold   . . .      Faith    .    (no shield)
rNeg    + . .      Spirit   .    b - +0 leather armour
rPois   .          Reflect  .    c - +0 helmet
rElec   .          Rampage  .    (no cloak)
rCorr   .                        m - +0 pair of gloves
Will    .....                    (no boots)
Stlth   +                        (no amulet)
HPRegen 0.25/turn                f - ring of positive energy
MPRegen 0.09/turn                (no ring)

@: no status effects
A: claws 1, ignite blood 1
a: no special abilities


You were on level 2 of the Dungeon.
You visited 1 branch of the dungeon, and saw 2 of its levels.

You collected 141 gold pieces.

Inventory:

Hand Weapons
 a - a +0 trident (weapon)
 o - a +2 demon blade of pain
Missiles
 d - 5 throwing nets (quivered)
 e - a javelin
 p - 6 poisoned darts
Armour
 b - a +0 leather armour (worn)
 c - a +0 helmet (worn)
 m - a +0 pair of gloves (worn)
Jewellery
 f - a ring of positive energy (left hand)
Scrolls
 g - a scroll of poison {unknown}
 i - a scroll of noise {unknown}
 j - a scroll of acquirement {unknown}
 l - 3 scrolls of identify {unknown}
 n - a scroll of enchant armour {unknown}
Potions
 h - 4 potions of curing {unknown}
 k - 2 potions of flight {unknown}


   Skills:
 + Level 2.9 Fighting
 * Level 4.0 Polearms
 - Level 1.7 Throwing
 - Level 2.6 Dodging


You had 3 spell levels left.
You didn't know any spells.
Your spell library contained the following spells:

 Spells                   Type           Power      Damage    Failure   Level
 Magic Dart               Conj           0%         1d3       43%         1
 Shock                    Conj/Air       0%         1d3       43%         1
 Dazzling Flash           Conj/Hex       0%         N/A       80%         3
 Frozen Ramparts          Ice            0%         1d1       80%         3
 Swiftness                Air            0%         N/A       80%         3
 Airstrike                Air            0%         2d(0-16)  99%         4
 Sticky Flame             Conj/Fire      0%         2d3       99%         4


Dungeon Overview and Level Annotations

Branches:
Dungeon (2/15)

Altars:


Innate Abilities, Weirdness & Mutations

You have sharp fingernails.
Your demonic aura sometimes causes spilled blood to erupt in flames.


Message History

A ball python comes into view.
A ball python is nearby!
You hit the ball python but do no damage.
The ball python closely misses you. The ball python misses you.
You barely miss the ball python. The ball python closely misses you. x2
You hit the ball python.
The ball python is heavily wounded.
The ball python bites you but does no damage.
The ball python grabs you. The ball python constricts you.
The ball python closely misses you. The ball python constricts you.
You hit the ball python.
You kill the ball python!
Your Polearms skill increases to level 4!
No target in view!
You now have 141 gold pieces (gained 8).
You see here 6 poisoned darts.
p - 6 poisoned darts
There is a stone staircase leading down here.
An endoplasm comes into view.
An endoplasm is nearby!
A rat comes into view.
You reach to attack!
You barely miss the rat. You closely miss the rat.
The rat completely misses you.
You closely miss the rat.
The endoplasm quivers.
The rat closely misses you.
You hit the rat but do no damage. The rat misses you. The rat bites you.
You closely miss the rat. The rat bites you.
You puncture the endoplasm!
You kill the endoplasm!
The rat barely misses you.
You have reached level 4!
You feel clever.
Your demonic ancestry asserts itself...
Your fingernails lengthen.
You puncture the rat!
You kill the rat!
No target in view!
No target in view!
No target in view!
Are you sure you want to abandon this character and quit the game? (Confirm with "yes".)

.....##..........)..#.#..#..##.##
.....##......####........#.....##
.############# #.##........#....
.# ...... #.....#.....#.### .#
...... #..#..#......... .#
......##..#..#...##....# ##
......<.#.#..#.........# #
#............#...##.# #
#...@##.....>.......# #
#...†####......#.###. # #....#
###.##..##.... # #....#
#.......##.##. #....#
#.#...>.##.##. #....#
#...#......>.. #....#
###......#.### #....#
#.#.......## #.....##....


There were no monsters in sight!

Vanquished Creatures
  2 adders (D:2)
  A dart slug (D:2)
  6 endoplasms
  2 giant cockroaches
  4 goblins
  6 hobgoblins
  4 jackals (D:1)
  4 kobolds
  A quokka (D:2)
  4 ball pythons
  2 bats (D:1)
  2 frilled lizards (D:2)
  6 rats
44 creatures vanquished.

Notes
Turn   | Place    | Note
-------+----------+-------------------------------------------
     0 | D:1      | BubbleThief the Demonspawn Gladiator began the quest for
                  | the Orb.
     0 | D:1      | Reached XP level 1. HP: 16/16 MP: 1/1
    84 | D:1      | Reached skill level 3 in Polearms
    90 | D:1      | Gained mutation: Your demonic aura sometimes causes spilled
                  | blood to erupt in flames. [demonic ancestry]
    90 | D:1      | Reached XP level 2. HP: 21/22 MP: 2/2
   209 | D:1      | Got the Directory of Damaging Freezing
   457 | D:1      | Reached XP level 3. HP: 18/28 MP: 3/3
   683 | D:2      | Found a faded altar of an unknown god.
  1021 | D:2      | Reached skill level 4 in Polearms
  1053 | D:2      | Gained mutation: You have sharp fingernails. [demonic
                  | ancestry]
  1053 | D:2      | Reached XP level 4. HP: 30/34 MP: 4/4
  1054 | D:2      | Quit the game

Illustrated notes

Levels and vault maps discovered:
D:1:      ebering_hopf_link, layout_rooms, serial_curves, eino_curves_04,
          eino_curves_03, minmay_circled_x
D:2:      layout_basic, shapermc_ecumenical_altar_notcrosses,
          corexii_corridor_pit

Skill      XL: |  1  2  3 |
---------------+----------+-----
Polearms       | 3 4 |  4.0
Fighting       | |  2.9
Throwing       | |  1.7
Dodging        | |  2.6

Action                     |  1- 3 |  4- 6 || total
---------------------------+-------+-------++-------
  Melee: Trident           |   157 |     1 ||   158
         Punch             |     1 |       ||     1
   Stab: Sleeping          |     1 |       ||     1
 Armour: Leather armour    |    42 |       ||    42
  Dodge: Dodged            |    92 |       ||    92

Table legend: (Time is in decaauts)
 A = Elapsed time spent in this place.
 B = Non-inter-level travel time spent in this place.
 C = Inter-level travel time spent in this place.
 D = Time resting spent in this place.
 E = Time spent auto-exploring this place.
 F = Levels seen in this place.
 G = Mean time per level.
                   A        B        C        D        E       F      G
               +--------+--------+--------+--------+--------+-----+--------+
         Total |   1074 |   1056 |     18 |      0 |    730 |   2 |  537.0 |
       Dungeon |   1074 |   1056 |     18 |      0 |    730 |   2 |  537.0 |
               +--------+--------+--------+--------+--------+-----+--------+

Top non-repeatable levels by time:
     D:1: 601 daAuts
     D:2: 473 daAuts
